 Dungeon Crawl Stone Soup version 0.30-a0-168-g0b976cbdc4 (webtiles) character file.

Game seed: 5776072061029926243

14 LnG the Caller (level 2, 0/15 HPs)
             Began as a Kobold Summoner on Sept 29, 2022.
             Frozen to death by an endoplasm (5 damage)
             ... on level 1 of the Dungeon.
             The game lasted 00:02:49 (830 turns).

LnG the Caller (Kobold Summoner)                     Turns: 830, Time: 00:02:49

Health: 0/15       AC:  2    Str:  5    XL:     2   Next: 60%
Magic:  5/5        EV: 15    Int: 16    God:
Gold:   21         SH:  0    Dex: 15    Spells: 2/5 levels left

rFire   . . .      SeeInvis .    f - +0 short sword
rCold   . . .      Faith    .    (no shield)
rNeg    . . .      Spirit   .    a - +0 robe
rPois   .          Reflect  .    (no helmet)
rElec   .          Harm     .    (no cloak)
rCorr   .          Rampage  .    (no gloves)
Will    .....                    (no boots)
Stlth   +++.......               (no amulet)
HPRegen 0.05/turn                (no ring)
MPRegen 0.09/turn                (no ring)

@: no status effects
A: small, no large weapons, nightstalker 3
a: no special abilities


You were on level 1 of the Dungeon.
You visited 1 branch of the dungeon, and saw 1 of its levels.

You collected 21 gold pieces.

Inventory:

Hand Weapons
 f - a +0 short sword (weapon)
Armour
 a - a +0 robe (worn)
Scrolls
 e - a scroll of vulnerability
Potions
 b - a potion of magic
 c - a potion of might {unknown}
 d - a potion of lignification


   Skills:
 + Level 2.6 Dodging
 + Level 2.7 Stealth
 + Level 2.4 Spellcasting
 + Level 4.4 Summonings


You had 2 spell levels left.
You knew the following spells:

 Your Spells              Type           Power      Damage    Failure   Level
a - Summon Small Mammal   Summ           64%        N/A       3%          1
b - Call Imp              Summ           16%        N/A       4%          2

Your spell library contained the following spells:

 Spells                   Type           Power      Damage    Failure   Level
 Call Canine Familiar     Summ           16%        N/A       10%         3
 Summon Guardian Golem    Hex/Summ       8%         N/A       24%         3
 Summon Lightning Spire   Summ/Air       8%         N/A       63%         4


Dungeon Overview and Level Annotations

Branches:
Dungeon (1/15)

Altars:


Innate Abilities, Weirdness & Mutations

You are small and have problems with some larger weapons.
You are completely attuned to the shadows.


Message History

No target in view!
No target in view!
Found a sling.
A ball python comes into view.
A ball python is nearby!
The ball python hisses angrily.
The ball python barely misses you. x2; The ball python closely misses you. x2
You hit the ball python.
You kill the ball python!
No target in view!
No target in view!
No target in view!
You enter the shallow water.
Moving in this stuff is going to be slow.
An endoplasm comes into view.
You enter the shallow water.
Moving in this stuff is going to be slow.
The endoplasm quivers.
You hit the endoplasm but do no damage. The endoplasm freezes you.
You are frozen.
You hit the endoplasm.
The endoplasm is moderately wounded.
The endoplasm completely misses you.
You hit the endoplasm.
The endoplasm is almost dead.
The endoplasm freezes you.
You are frozen.
You barely miss the endoplasm.
The endoplasm is almost dead.
The endoplasm freezes you.
You are frozen.
You are too injured to fight recklessly!
You are too injured to fight recklessly!
You are too injured to fight recklessly!
You hit the endoplasm but do no damage.
The endoplasm is almost dead.
The endoplasm freezes you.
You are frozen.
You die...

.## #.# .### #^#
...# #.#
##.#####.###
#.........#
#.###..†#.#######
#.#..~~)~.~....~#
..#..~~~~~≈.~.~.#
......~~≈≈≈~≈~~~@#
.#~.≈≈≈≈≈≈≈≈≈≈.J...
≈~~~~≈≈≈~..####
~≈≈~.~. ~≈~..#


You could see an endoplasm.

Vanquished Creatures
  2 bats (D:1)
  A jackal (D:1)
  A ball python (D:1)
4 creatures vanquished.

Vanquished Creatures (collateral kills)
  A bat (D:1)
  An endoplasm (D:1)
  2 giant cockroaches (D:1)
  A goblin (D:1)
  A jackal (D:1)
  A ball python (D:1)
  A kobold (D:1)
8 creatures vanquished.

Grand Total: 12 creatures vanquished

Notes
Turn   | Place    | Note
-------+----------+-------------------------------------------
     0 | D:1      | LnG the Kobold Summoner began the quest for the Orb.
     0 | D:1      | Reached XP level 1. HP: 10/10 MP: 3/3
   358 | D:1      | Reached XP level 2. HP: 15/15 MP: 1/5
   361 | D:1      | Learned a level 2 spell: Call Imp
   830 | D:1      | Frozen to death by an endoplasm

Illustrated notes

Levels and vault maps discovered:
D:1:      lightli_arrival_statue_moat, layout_loops_corners, serial_forest,
          infiniplex_forest_clump_small, infiniplex_forest_split,
          infiniplex_forest_corner_1, infiniplex_forest_clump_small,
          infiniplex_forest_3_way, infiniplex_forest_straight_1,
          chequers_ecumenical_altar_island, minmay_nonomino_d4

Action                   || total
-------------------------++-------
Melee: Unarmed           ||    37
       Short sword       ||     7
 Cast: Summon Small Mamm ||    14
       Call Imp          ||     1
  Use: Scroll            ||     2
 Stab: Sleeping          ||     1
Armor: Robe              ||    16
Dodge: Dodged            ||    79

Table legend: (Time is in decaauts)
 A = Elapsed time spent in this place.
 B = Non-inter-level travel time spent in this place.
 C = Inter-level travel time spent in this place.
 D = Time resting spent in this place.
 E = Time spent auto-exploring this place.
 F = Levels seen in this place.
 G = Mean time per level.
                   A        B        C        D        E       F      G
               +--------+--------+--------+--------+--------+-----+--------+
         Total |    830 |    830 |      0 |    232 |    389 |   1 |  830.0 |
       Dungeon |    830 |    830 |      0 |    232 |    389 |   1 |  830.0 |
               +--------+--------+--------+--------+--------+-----+--------+

Top non-repeatable levels by time:
     D:1: 830 daAuts
